 Dungeon Crawl Stone Soup version 0.30-a0-1075-gcd70e7a56d (webtiles) character file.

Game seed: 9776892015193961983

4 xian the Conjurer (level 1, 0/14 HPs)
             Began as an Armataur Conjurer on Apr 15, 2023.
             Slain by a gnoll
             ... wielding a +0 whip
              (3 damage)
             ... on level 1 of the Dungeon.
             The game lasted 00:00:38 (206 turns).

xian the Conjurer (Armataur Conjurer)                Turns: 206, Time: 00:00:39

Health: 0/14       AC:  4    Str: 12    XL:     1   Next: 58%
Magic:  0/3        EV:  9    Int: 18    God:
Gold:   32         SH:  0    Dex:  8    Spells: 2/3 levels left

rFire   . . .      SeeInvis +    e - staff of conjuration
rCold   . . .      Faith    .    (no shield)
rNeg    . . .      Spirit   .    a - +0 robe
rPois   .          Reflect  .    (no helmet)
rElec   .          Roll     +    (no cloak)
rCorr   .                        (no gloves)
Will    .....                    (no barding)
Stlth   ++                       (no amulet)
HPRegen 0.22/turn                c - ring of see invisible
MPRegen 0.08/turn                (no ring)

@: no status effects
A: large, rugged brown scales 3, deformed body, armoured tail, roll, long
tongue, awkward tongue
a: no special abilities


You were on level 1 of the Dungeon.
You visited 1 branch of the dungeon, and saw 1 of its levels.

You collected 32 gold pieces.

Inventory:

Armour
 a - a +0 robe (worn)
Magical Staves
 e - a staff of conjuration (weapon)
Jewellery
 c - a ring of see invisible (left hand)
Potions
 b - a potion of magic
 d - a potion of heal wounds {unknown}


   Skills:
 + Level 1.4 Dodging
 + Level 2.2 Stealth
 + Level 1.8 Spellcasting
 + Level 3.8 Conjurations


You had 2 spell levels left.
You knew the following spells:

 Your Spells              Type           Power      Damage    Failure   Level
a - Magic Dart            Conj           92%        1d7       3%          1

Your spell library contained the following spells:

 Spells                   Type           Power      Damage    Failure   Level
 Searing Ray              Conj           46%        2d6       6%          2
 Dazzling Flash           Conj/Hex       24%        N/A       26%         3
 Fulminant Prism          Conj/Hex       6%         3d7       63%         4
 Iskenderun's Mystic Bla  Conj/Tloc      12%        2d5       63%         4


Dungeon Overview and Level Annotations

Branches:
Dungeon (1/15)

Altars:

Shops:
D:1 *


Innate Abilities, Weirdness & Mutations

You are completely covered in rugged brown scales. (AC +3, +7% HP)
Armour fits poorly on your strangely shaped body.
You have a long armoured tail.
You roll when moving toward enemies. (Rampage)
Your long tongue fully drains potion bottles. (2x potion effects)
Your tongue gives you trouble enunciating. (1.5x scroll delay)


Message History

The giant cockroach misses you. The gnoll hits you with a +0 whip.
Aiming: Magic Dart (safe; 4% risk of failure)
Press: ? - help, Q - select action Shift-Dir - straight line, f/p - gnoll
Aim: a gnoll, wielding a +0 whip (lightly wounded, 100% to hit)
The magic dart hits the gnoll but does no damage.
The gnoll is lightly wounded.
The giant cockroach bites you. The gnoll barely misses you.
The giant cockroach closely misses you.
Really attack while wielding nothing?
Okay, then.
e - a staff of conjuration (weapon)
The gnoll barely misses you.
Unknown command.
You hit the giant cockroach.
The giant cockroach is heavily wounded.
The giant cockroach barely misses you. The gnoll hits you with a +0 whip.
The giant cockroach bites you but does no damage.
Unknown command.
You closely miss the giant cockroach.
The giant cockroach is heavily wounded.
The giant cockroach bites you but does no damage.
The gnoll barely misses you.
You hit the giant cockroach.
You kill the giant cockroach!
The gnoll barely misses you. The gnoll attacks as you move away!
The gnoll hits you with a +0 whip.
You see here a +0 helmet.
You don't have enough magic to cast this spell.
Unknown command.
You barely miss the gnoll. You tail-slap the gnoll.
The gnoll is moderately wounded.
The gnoll hits you with a +0 whip.
* * * LOW HITPOINT WARNING * * *
You closely miss the gnoll. Your punch misses the gnoll.
The gnoll is moderately wounded.
The gnoll closely misses you. The gnoll hits you but does no damage.
You hit the gnoll.
Your tail-slap misses the gnoll.
The gnoll is severely wounded.
The gnoll hits you with a +0 whip.
You die...

#.# #.# #.# #.# #.#
####### #.# #. ...#
#.# #.###.#######
#.#
#.@g........#####.#
#.###.#.........>.#
... #.#.###.#######
###. #.#.#
#.####### #. ..#.#
#........ ## ###.#
######.## #.# #.#
#.# #.# #.##


You could see a gnoll.

Vanquished Creatures
  A bat (D:1)
  A giant cockroach (D:1)
  A hobgoblin (D:1)
  A frilled lizard (D:1)
4 creatures vanquished.

Notes
Turn   | Place    | Note
-------+----------+-------------------------------------------
     0 | D:1      | xian the Armataur Conjurer began the quest for the Orb.
     0 | D:1      | Reached XP level 1. HP: 14/14 MP: 3/3
    20 | D:1      | Found Ytsitier's Assorted Antiques.
   206 | D:1      | Slain by a gnoll

Illustrated notes

Levels and vault maps discovered:
D:1:      ncdulo_watergridlock, layout_loops_ring,
          dreamdust_ecumenical_altar_hidden_monk_grotto, serial_shops,
          nicolae_shop_window_shopping, minmay_misc_feat_tower

Action                     || total
---------------------------++-------
  Melee: Staff             ||     6
         Tailslap          ||     1
   Cast: Magic Dart        ||     8
 Armour: Robe              ||     6
  Dodge: Dodged            ||     8

Table legend: (Time is in decaauts)
 A = Elapsed time spent in this place.
 B = Non-inter-level travel time spent in this place.
 C = Inter-level travel time spent in this place.
 D = Time resting spent in this place.
 E = Time spent auto-exploring this place.
 F = Levels seen in this place.
 G = Mean time per level.
                   A        B        C        D        E       F      G
               +--------+--------+--------+--------+--------+-----+--------+
         Total |    206 |    206 |      0 |      0 |    173 |   1 |  206.0 |
       Dungeon |    206 |    206 |      0 |      0 |    173 |   1 |  206.0 |
               +--------+--------+--------+--------+--------+-----+--------+

Top non-repeatable levels by time:
     D:1: 206 daAuts
